 Dungeon Crawl Stone Soup version 0.22-a0-580-gd5db89c (webtiles) character file.

83 sking99 the Chopper (level 4, 0/41 HPs)
             Began as a Minotaur Fighter on July 3, 2018.
             Slain by an orc
             ... wielding a +0 mace
              (6 damage)
             ... on level 2 of the Dungeon.
             The game lasted 00:01:16 (873 turns).

sking99 the Chopper (Minotaur Fighter)               Turns: 873, Time: 00:01:16

Health: 0/41       AC:  6    Str: 20    XL:     4   Next: 22%
Magic:  3/3        EV:  7    Int:  5    God:
Gold:   24         SH:  9    Dex: 11    Spells: 3/3 levels left

rFire    . . .     SeeInvis .   a - +0 war axe
rCold    . . .     Gourm    .   c - +0 shield
rNeg     . . .     Faith    .   b - +0 scale mail
rPois    .         Spirit   .   (helmet restricted)
rElec    .         Reflect  .   (no cloak)
rCorr    .         Harm     .   (no gloves)
MR       .....                  (no boots)
Stlth    ..........             (no amulet)
HPRegen  0.13/turn              (no ring)
MPRegen  0.08/turn              (no ring)

@: no status effects
A: retaliatory headbutt, horns 2
a: no special abilities


You were on level 2 of the Dungeon.
You were not hungry.

You visited 1 branch of the dungeon, and saw 2 of its levels.

You collected 24 gold pieces.

Inventory:

Hand Weapons
 a - a +0 war axe (weapon)
Armour
 b - a +0 scale mail (worn)
 c - a +0 shield (worn)
Scrolls
 e - 2 scrolls of teleportation {unknown}
 g - 3 scrolls of remove curse {unknown}
 h - a scroll of fog {unknown}
 l - a scroll of random uselessness {unknown}
 n - a scroll of fear {unknown}
Potions
 d - a potion of might
 j - a potion of heal wounds {unknown}
 k - a potion of haste {unknown}
 m - 2 potions of curing {unknown}
Comestibles
 f - a ration


   Skills:
 + Level 4.5 Fighting
 * Level 4.7 Axes
 - Level 3.6 Armour
 - Level 3.6 Shields


You had 3 spell levels left.
You didn't know any spells.
Your spell library was empty.

Dungeon Overview and Level Annotations

Branches:
Dungeon (2/15)

Altars:
Okawaru


Innate Abilities, Weirdness & Mutations

You reflexively headbutt those who attack you in melee.
You have a pair of horns on your head.


Message History

You hit the orc.
The orc priest mumbles some strange prayers to Beogh against you.
Beogh smites you!
* * * LOW HITPOINT WARNING * * *
You block the orc's attack. You block the orc priest's attack.
You barely miss the orc priest. Your headbutt misses the orc priest.
The orc priest is lightly wounded.
You barely miss the orc. The orc hits you with a mace.
* * * LOW HITPOINT WARNING * * *
The orc priest hits you but does no damage.
You closely miss the orc priest. You headbutt the orc priest!
The orc priest is heavily wounded.
You hit the orc but do no damage. The orc hits you with a mace.
* * * LOW HITPOINT WARNING * * *
The orc priest hits you with a hand axe.
* * * LOW HITPOINT WARNING * * *
Your shield and scale mail prevent you from hitting the orc priest.
The orc priest is heavily wounded.
You hit the orc. The orc hits you with a mace.
You die...

### ####.# .. ..#
#...#. #. #.# #.##.#
#. #.# #.##.# #. #.#
#.##.# #. ##.#
#.##.#
#.####..######.##.#
##o#............##..
#.o@..#...##########
#....###...# #
#............# #
#...#...).#...#
#.#.##.._..##..#
#.##. #.).).# ..# #.
#............# #
.#...###.....#


You could see an orc priest and an orc.

Vanquished Creatures
  An orc wizard (D:2)
  2 adders (D:2)
  2 dart slugs
  An orc (D:2)
  3 ball pythons
  2 giant cockroaches (D:1)
  5 hobgoblins
  5 kobolds (D:1)
  6 bats
  A frilled lizard (D:1)
  3 goblins (D:1)
  2 rats
33 creatures vanquished.

Vanquished Creatures (others)
  5 toadstools (D:1)
5 creatures vanquished.

Grand Total: 38 creatures vanquished

Notes
Turn   | Place    | Note
-------+----------+-------------------------------------------
     0 | D:1      | sking99 the Minotaur Fighter began the quest for the Orb.
     0 | D:1      | Reached XP level 1. HP: 19/19 MP: 0/0
   194 | D:1      | Reached XP level 2. HP: 27/27 MP: 1/1
   596 | D:2      | Reached XP level 3. HP: 33/33 MP: 2/2
   851 | D:2      | Found an iron altar of Okawaru.
   866 | D:2      | Reached XP level 4. HP: 33/41 MP: 3/3
   873 | D:2      | Slain by an orc

Vault maps used:
D:1:      ldierk_walled_garden
D:2:      gammafunk_temple_overflow_statue, okawaru_ov_weapons_minmay,
          uniq_natasha, uniq_terence

Skill      XL: |  1  2  3 |
---------------+----------+-----
Axes           | 3 4 |  4.7
Fighting       | 4 |  4.5
Armour         | |  3.6
Shields        | |  3.6

Action                   |  1- 3 |  4- 6 || total
-------------------------+-------+-------++-------
Melee: War axe           |    73 |     6 ||    79
       Headbutt          |     5 |     1 ||     6
Armor: Scale mail        |    37 |     1 ||    38
Dodge: Dodged            |    30 |     1 ||    31
Block: Shield            |    42 |     2 ||    44

Table legend:
 A = Spawn XP
 B = Non-spawn XP
 C = Spawn XP percentage of total XP
 D = Spawn monster count
 E = Non-spawn monster count
 F = Spawn count percentage of total count
 G = Total turns spent on level
                    A         B        C        D         E        F      G
               +---------+---------+-------+---------+---------+-------+---------
         Total |       0 |     119 |   0.0 |       0 |      33 |   0.0 |   873
               +---------+---------+-------+---------+---------+-------+---------
           D:1 |       0 |      40 |   0.0 |       0 |      23 |   0.0 |   578
           D:2 |       0 |      79 |   0.0 |       0 |      10 |   0.0 |   295
               +---------+---------+-------+---------+---------+-------+---------
